 Dungeon Crawl Stone Soup version 0.23.2-30-g0e89c35649 (webtiles) character file.

Game seed: 12508091446714859667

93 Anon1729 the Ducker (level 4, 0/35 HPs)
             Began as a Vampire Monk on June 22, 2019.
             Slain by a mummy (18 damage)
             ... in an ossuary.
             The game lasted 00:03:55 (2724 turns).

Anon1729 the Ducker (Vampire Monk)                  Turns: 2724, Time: 00:03:55

Health: 0/35       AC:  3    Str: 10    XL:     4   Next: 36%
Magic:  4/4        EV: 14    Int: 12    God:
Gold:   76         SH:  0    Dex: 17    Spells: 3/3 levels left

rFire    . . .     SeeInvis +   a - +0 falchion
rCold    . . .     Gourm    .   (no shield)
rNeg     + . .     Faith    .   b - +0 robe
rPois    .         Spirit   .   j - +0 helmet
rElec    .         Reflect  .   (no cloak)
rCorr    .         Harm     .   (no gloves)
MR       .....                  (no boots)
Stlth    +++.......             (no amulet)
HPRegen  0.11/turn              (no ring)
MPRegen  0.09/turn              (no ring)

@: no status effects
A: fangs 3, see invisible, unbreathing
a: Bat Form


You were in an ossuary.
You were not thirsty.

You visited 1 branch of the dungeon, and saw 3 of its levels.
You also visited: Ossuary.

You collected 76 gold pieces.

Inventory:

Hand Weapons
 a - a +0 falchion (weapon)
Armour
 b - a +0 robe (worn)
 j - a +0 helmet (worn)
Wands
 k - a wand of disintegration (13)
 l - a wand of flame (18)
Scrolls
 c - 2 scrolls of identify {unknown}
 e - a scroll of remove curse {unknown}
 g - 2 scrolls of amnesia {unknown}
 h - 3 scrolls of teleportation {unknown}
Potions
 d - a potion of might {unknown}
 f - a potion of lignification
 i - a potion of curing {unknown}
 q - 8 potions of blood


   Skills:
 * Level 3.3 Fighting
 * Level 3.7 Long Blades
 * Level 4.1 Dodging
 + Level 3.9 Stealth


You had 3 spell levels left.
You didn't know any spells.
Your spell library was empty.

Dungeon Overview and Level Annotations

Branches:
Dungeon (4/15)
 Temple: D:4-7

Altars:
Ashenzari


Innate Abilities, Weirdness & Mutations

You have razor-sharp teeth.
You have supernaturally acute eyesight. (SInv)
You can survive without breathing.


Message History

The gnoll skeleton closely misses you.
An arrow hits the mummy, but does no damage!
You hit the gnoll skeleton.
The gnoll skeleton is heavily damaged.
The gnoll skeleton hits you.
You hit the gnoll skeleton but do no damage.
You bite the gnoll skeleton, but do no damage.
The gnoll skeleton is heavily damaged.
The gnoll skeleton barely misses you.
You slash the gnoll skeleton!
You destroy the gnoll skeleton!
You hit the mummy but do no damage. Your bite misses the mummy.
You hit the mummy but do no damage. The mummy hits you!
You barely miss the mummy. The mummy hits you.
You hit the mummy but do no damage. You hit the mummy.
The mummy is lightly damaged.
The mummy hits you!!
Ouch! That really hurt!
You die...

.## ^?
#.# ..#
#^#
##+###..#
#...#M.#
+...'@#
#...###
##.## #'#
##.##
#∩.∩#
#####


You could see a mummy.

Vanquished Creatures
  Jessica (D:2)
  Robin (D:2)
  An adder (D:2)
  A worm (D:2)
  A dart slug (D:1)
  A leopard gecko (D:1)
  An orc (D:2)
  9 goblins
  10 hobgoblins
  A kobold (D:1)
  A quokka (D:2)
  7 bats
  A frilled lizard (D:1)
  A gnoll skeleton (Ossuary)
  A goblin skeleton (Ossuary)
  A rat (D:1)
39 creatures vanquished.

Notes
Turn   | Place    | Note
-------+----------+-------------------------------------------
     0 | D:1      | Anon1729 the Vampire Monk began the quest for the Orb.
     0 | D:1      | Reached XP level 1. HP: 17/17 MP: 1/1
   549 | D:1      | Reached XP level 2. HP: 18/23 MP: 2/2
  1142 | D:2      | Reached XP level 3. HP: 20/29 MP: 3/3
  1291 | D:2      | Noticed Robin
  1304 | D:2      | HP: 1/29 [goblin/+0 club[Robin] (3)]
  2007 | D:2      | Killed Robin
  2007 | D:2      | Reached skill level 4 in Dodging
  2087 | D:2      | Noticed Jessica
  2098 | D:2      | Killed Jessica
  2098 | D:2      | Reached XP level 4. HP: 10/35 MP: 4/4
  2109 | D:2      | HP: 1/35 [orc/+0 flail (4)]
  2565 | D:2      | You fall through a shaft for 2 floors!
  2642 | D:4      | Found a shattered altar of Ashenzari.
  2695 | D:4      | Found a sand-covered staircase.
  2700 | Ossuary  | Entered an ossuary
  2724 | Ossuary  | Slain by a mummy

Skill      XL: |  1  2  3 |
---------------+----------+-----
Fighting       | 3 |  3.3
Dodging        | 4 |  4.1
Long Blades    | |  3.7
Stealth        | |  3.9

Action                   |  1- 3 |  4- 6 || total
-------------------------+-------+-------++-------
Melee: Falchion          |   100 |    32 ||   132
       Bite              |    11 |     3 ||    14
  Use: Potion            |     5 |     1 ||     6
 Stab: Sleeping          |     5 |     3 ||     8
       Distracted        |     1 |       ||     1
Armor: Robe              |    11 |     2 ||    13
       Skin              |       |     5 ||     5
Dodge: Dodged            |    70 |    17 ||    87
       Rpst.: Falchion   |    26 |     6 ||    32
